 Dungeon Crawl Stone Soup version 0.25-a0-869-g05d4e06 (webtiles) character file.

Game seed: 10637741272790551787, levelgen mode: deterministic

235 BlueFish the Sneak (level 5, 23/23 HPs)
             Began as a Felid Enchanter on May 1, 2020.
             Quit the game on level 5 of the Dungeon.
             The game lasted 00:21:54 (6959 turns).

BlueFish the Sneak (Felid Enchanter)                Turns: 6959, Time: 00:21:55

Health: 23/23      AC:  2    Str:  4    XL:     5   Next: 76%
Magic:  10/10      EV: 20    Int: 19    God:
Gold:   225        SH:  0    Dex: 19    Spells: 1/10 levels left
                                        Lives:  0   Deaths: 2

rFire    . . .     SeeInvis +     - Unarmed
rCold    . . .     Gourm    .   (shield unavailable)
rNeg     . . .     Faith    .   (armour unavailable)
rPois    .         Spirit   .   (helmet unavailable)
rElec    .         Reflect  .   (cloak unavailable)
rCorr    .         Harm     .   (gloves unavailable)
MR       .....                  (boots unavailable)
Stlth    ++++......             r - amulet of inaccuracy (curse)
HPRegen  0.07/turn              f - +3 ring of intelligence
MPRegen  0.12/turn              (no ring)

@: quick
A: very small, no armour, no weapons or thrown items, stealth, claws 1, fangs 3,
see invisible, carnivore, speed 1, shaggy fur 2, slow metabolism 1, sharp paws
a: no special abilities


You were on level 5 of the Dungeon.
You were not hungry.

You visited 2 branches of the dungeon, and saw 7 of its levels.
You also visited: Ossuary.

You collected 225 gold pieces.

Inventory:

Jewellery
 f - a +3 ring of intelligence (left paw)
 r - a cursed amulet of inaccuracy (around neck)
Wands
 d - a wand of flame (14)
Scrolls
 m - 5 scrolls of amnesia
 t - a scroll of fear {unknown}
Potions
 a - a potion of haste {unknown}
 c - a potion of resistance
 e - a potion of berserk rage
 g - a potion of mutation
 h - a potion of flight {unknown}
 i - 2 potions of stabbing
 j - 6 potions of curing
 k - 3 potions of cancellation
 l - a potion of invisibility {unknown}
 n - 2 potions of might {unknown}
 o - 2 potions of magic {unknown}
 p - a potion of heal wounds {unknown}
 q - a potion of degeneration {unknown}
 s - a potion of lignification {unknown}
Comestibles
 b - 8 rations


   Skills:
 * Level 2.4 Fighting
 * Level 4.2 Dodging
 * Level 7.5 Stealth
 * Level 4.2 Unarmed Combat
 * Level 3.2 Spellcasting
 * Level 6.1 Hexes
 + Level 0.7 Ice Magic


You had one spell level left.
You knew the following spells:

 Your Spells              Type           Power        Failure   Level  Hunger
a - Corona                Hex            ####...      1%          1    None
b - Ensorcelled Hibernat  Hex/Ice        ###...       5%          2    ##.....
c - Confusing Touch       Hex            ####....     3%          3    ###....
d - Tukima's Dance        Hex            ####....     3%          3    ###....

Your spell library contained the following spells:

 Spells                   Type           Power        Failure   Level  Hunger
 Magic Dart               Conj           #...         16%         1    None
 Slow                     Hex            ####....     1%          2    ##.....
 Dazzling Flash           Conj/Hex       ##....       13%         3    ###....
 Blink                    Tloc           N/A          22%         2    ##.....
 Call Imp                 Summ           #.......     22%         2    ##.....
 Conjure Flame            Conj/Fire      #.......     41%         3    ###....
 Mephitic Cloud           Conj/Pois/Air  #.......     41%         3    ###....


Dungeon Overview and Level Annotations

Branches:
Dungeon (6/15)             Temple (1/1) D:4         Ossuary (visited)

Altars:
Ashenzari
Cheibriados
Elyvilon
Fedhas
Gozag
Kikubaaqudgha
Nemelex Xobeh
Okawaru
Qazlal
Ru
Sif Muna
Trog
Uskayaw
Wu Jian
Xom
Yredelemnul
Zin
The Shining One

Annotations:
D:5 Blork the orc


Innate Abilities, Weirdness & Mutations

You cannot wear armour.
You are incapable of wielding weapons or throwing items.
Your paws allow you to move quietly. (Stealth)
You have sharp claws.
You have razor-sharp teeth.
You have supernaturally acute eyesight. (SInv)
You are carnivorous and can eat meat at any time.
You cover ground quickly.
You are covered in thick fur. (AC +2)
You have a slow metabolism.
Your sharp claws are effective at attacking unaware monsters.


Message History

The phantom is heavily damaged.
The phantom misses you.
You closely miss the phantom.
The phantom is heavily damaged.
The phantom stops glowing.
The phantom barely misses you.
You scratch the phantom but do no damage.
The phantom is heavily damaged.
The phantom barely misses you.
Casting: Corona (safe; 1% risk of failure)
Confirm with . or Enter, or press ? or * to list all spells.
Aiming: Corona (safe; 1% risk of failure)
Press: ? - help, Shift-Dir - straight line, f/p - phantom
Aim: a phantom (heavily damaged, chance to defeat MR: 50%)
The phantom resists with significant effort.
The phantom hits you!
You die...
You are now level 5!
You rejoin the land of the living...
You can't grasp things well enough to throw them.
Are you sure you want to abandon this character and quit the game? (Confirm with "yes".)

.......# ####.................
..###### #..........[#..##....
...## #...####..#...####### ....#
#...# ##.......W....# ....#
###.####..####........ .#<.#
#........## ......... .#...#
#........# #......... .##...#
#........# #...>..... .###..#
###....@..## #......... ..##..#
#.........#####.....o...
#..#...##..#..........###........
##.###....##.......##.##....
##...#...##.........#<......
.....#......................
..........###...............
...#..............##........
...#.......#.####...........


There were no monsters in sight!

Vanquished Creatures
  A centaur (D:3)
  2 crimson imps
  A hound (D:5)
  An orc priest (D:4)
  Crazy Yiuf (D:2)
  3 orc wizards
  2 centaur skeletons
  Terence (D:2)
  An iguana (D:5)
  2 worker ants
  3 big kobold zombies (Ossuary)
  2 mummies (Ossuary)
  11 adders
  4 adder zombies (Ossuary)
  2 dart slugs (D:1)
  2 worms
  6 leopard geckos
  7 orcs
  2 giant cockroaches
  A gnoll zombie (Ossuary)
  5 goblins
  14 hobgoblins
  10 jackals
  A quokka (D:2)
  2 ball pythons
  12 bats
  3 frilled lizards
  3 hobgoblin zombies (Ossuary)
  8 kobolds
  4 kobold zombies (Ossuary)
  9 orc zombies (Ossuary)
  14 rats
  A fungus (D:2)
141 creatures vanquished.

Notes
Turn   | Place    | Note
-------+----------+-------------------------------------------
     0 | D:1      | BlueFish the Felid Enchanter began the quest for the Orb.
     0 | D:1      | Reached XP level 1. HP: 7/7 MP: 4/4
   629 | D:1      | Reached XP level 2. HP: 7/11 MP: 4/6
   643 | D:1      | Learned a level 2 spell: Ensorcelled Hibernation
  1601 | D:1      | Reached XP level 3. HP: 14/15 MP: 7/7
  1621 | D:1      | Learned a level 3 spell: Confusing Touch
  2194 | D:2      | Noticed Terence
  2216 | D:2      | Killed Terence
  2216 | D:2      | Reached skill level 5 in Stealth
  2216 | D:2      | Reached skill level 5 in Hexes
  2216 | D:2      | Reached XP level 4. HP: 15/18 MP: 1/8
  2933 | D:2      | You fall into a shaft and drop 1 floor!
  2980 | D:2      | Reached skill level 1 in Fighting
  3145 | D:2      | Found a runed translucent door.
  3146 | D:2      | Noticed Crazy Yiuf
  3153 | D:2      | Killed Crazy Yiuf
  3248 | D:3      | Reached XP level 5. HP: 21/22 MP: 9/9
  3899 | D:3      | Noticed a centaur
  3903 | D:3      | Killed a centaur
  3903 | D:3      | Reached skill level 6 in Stealth
  3903 | D:3      | Gained mutation: You are covered in thick fur. (AC +2)
                  | [Felid growth]
  3903 | D:3      | Reached XP level 6. HP: 17/25 MP: 7/10
  3917 | D:3      | Learned a level 3 spell: Tukima's Dance
  3986 | D:3      | Found a glowing golden altar of the Shining One.
  4963 | D:4      | Reached skill level 7 in Stealth
  5141 | D:4      | Found a staircase to the Ecumenical Temple.
  5151 | Temple   | Entered the Ecumenical Temple
  5296 | D:4      | Found a snail-covered altar of Cheibriados.
  5372 | D:4      | You fall into a shaft and drop 2 floors!
  5390 | D:6      | Reached XP level 7. HP: 18/30 MP: 2/12
  5607 | D:5      | Entered Level 5 of the Dungeon
  5638 | D:5      | Noticed Blork the orc
  5818 | D:5      | Found a sand-covered staircase.
  5823 | Ossuary  | Entered an ossuary
  6754 | Ossuary  | Slain by a mummy
  6755 | Ossuary  | Reached XP level 6. HP: -3/26 MP: 10/11
  6958 | D:5      | Slain by a phantom
  6959 | D:5      | Reached XP level 5. HP: -2/23 MP: 7/10
  6959 | D:5      | Quit the game

Levels and vault maps discovered:
D:1:      saegor_arrival_simple_b, layout_basic
D:2:      layout_rooms, first_ration, uniq_terence, uniq_crazy_yiuf_cottage
D:3:      layout_loops_cross, marbit_many_paths
D:4:      layout_loops_cross, cheibriados_altar_1,
          minmay_temple_entry_statues_fountains, chequers_jeans
D:5:      layout_rooms, enter_ossuary_2, uniq_blork_the_orc
D:6:      layout_cave_pods
Temple:   eino_temple_rhombus

Skill      XL: |  1  2  3  4  5  6  7 |
---------------+----------------------+-----
Dodging        | 3 4 |  4.2
Unarmed Combat | 2 4 |  4.2
Stealth        | 5 6 7 |  7.5
Hexes          | 5 6 |  6.1
Fighting       | 1 2 |  2.4
Spellcasting   | 3 |  3.2
Ice Magic      | |  0.7

Action                   |  1- 3 |  4- 6 |  7- 9 || total
-------------------------+-------+-------+-------++-------
Melee: Unarmed           |   146 |   217 |   145 ||   508
       Bite              |     8 |    23 |    14 ||    45
       Punch             |     2 |     4 |     4 ||    10
 Cast: Corona            |    16 |    32 |    17 ||    65
       Ensorcelled Hiber |    18 |    38 |     8 ||    64
       Tukima's Dance    |       |     1 |       ||     1
  Use: Scroll            |       |    11 |     2 ||    13
 Stab: Sleeping          |    18 |    33 |    18 ||    69
       Distracted        |       |     2 |       ||     2
  Eat: Chunk             |    11 |     8 |     4 ||    23
Armor: Skin              |     5 |     7 |     8 ||    20
Dodge: Dodged            |   106 |   134 |   100 ||   340

Table legend:
 A = Non-vault XP
 B = Vault XP
 C = Vault XP percentage of total XP
 D = Non-vault monster count
 E = Vault monster count
 F = Vault count percentage of total count
                 A         B        C        D         E       F
            +---------+---------+-------+---------+---------+-------
      Total |     897 |     224 |  20.0 |     111 |      29 |  20.7
            +---------+---------+-------+---------+---------+-------
        D:1 |      66 |       0 |   0.0 |      36 |       0 |   0.0
        D:2 |      44 |      76 |  63.3 |      25 |       2 |   7.4
        D:3 |     296 |       2 |   0.7 |      30 |       1 |   3.2
        D:4 |     247 |       0 |   0.0 |      10 |       0 |   0.0
        D:5 |     218 |       0 |   0.0 |       8 |       0 |   0.0
        D:6 |      26 |       0 |   0.0 |       2 |       0 |   0.0
    Ossuary |       0 |     146 | 100.0 |       0 |      26 | 100.0
            +---------+---------+-------+---------+---------+-------
